 Dungeon Crawl Stone Soup version 0.29.1-12-g30fa7ad0bf (webtiles) character file.

Game seed: 13156304007302839456

1440 wingedge the Trooper (level 8, -10/87 HPs)
             Began as an Ogre Conjurer on Dec 21, 2022.
             Was a High Priest of Ignis.
             Mangled by a two-headed ogre
             ... wielding a +0 giant spiked club
              (14 damage)
             ... on level 5 of the Dungeon.
             The game lasted 00:13:37 (6133 turns).

wingedge the Trooper (Ogre Conjurer)                Turns: 6133, Time: 00:13:38

Health: -10/87     AC:  3    Str: 12    XL:     8   Next: 74%
Magic:  4/14       EV: 10    Int: 21    God:    Ignis [*****.]
Gold:   294        SH:  0    Dex:  7    Spells: 8/15 levels left

rFire   + . .      SeeInvis .   f - +0 whip (elec)
rCold   . . .      Faith    .   (no shield)
rNeg    . . .      Spirit   .   v - +0 robe {Archmagi}
rPois   .          Reflect  .   (helmet restricted)
rElec   .          Harm     .   (no cloak)
rCorr   .          Rampage  .   (gloves unavailable)
Will    .....      Archmagi +   (boots unavailable)
Stlth   ++........              (no amulet)
HPRegen 0.24/turn               (no ring)
MPRegen 0.14/turn               (no ring)

@: no status effects
A: large, unfitting armour, tough skin 1
a: Renounce Religion, Fiery Armour, Foxfire Swarm, Rising Flame


You were on level 5 of the Dungeon.
You worshipped Ignis.
Ignis was extremely pleased with you.
You visited 1 branch of the dungeon, and saw 5 of its levels.

You collected 294 gold pieces.

Inventory:

Hand Weapons
 e - a +0 dagger
 f - a +0 whip of electrocution (weapon)
Armour
 v - a +0 robe of the Archmagi (worn)
Jewellery
 h - a ring of ice
Wands
 m - a wand of mindburst (1)
 t - a wand of flame (26)
Scrolls
 g - a scroll of summoning {unknown}
 j - 3 scrolls of identify {unknown}
 k - 2 scrolls of magic mapping {unknown}
 l - a scroll of enchant weapon {unknown}
 n - 4 scrolls of vulnerability {unknown}
 q - 2 scrolls of teleportation {unknown}
 s - a scroll of blinking {unknown}
 u - a scroll of immolation {unknown}
Potions
 a - a potion of lignification {unknown}
 b - 2 potions of magic
 c - 2 potions of invisibility {unknown}
 d - 2 potions of brilliance {unknown}
 i - a potion of mutation {unknown}
 o - a potion of cancellation {unknown}
 p - 2 potions of degeneration {unknown}
 r - a potion of resistance {unknown}
 w - a potion of attraction {unknown}
 x - a potion of berserk rage {unknown}
 z - a potion of curing {unknown}


   Skills:
 - Level 7.0 Fighting
 - Level 2.0 Throwing
 - Level 3.0 Dodging
 - Level 2.0 Stealth
 - Level 4.0 Spellcasting
 + Level 6.5 Conjurations
 + Level 3.9 Hexes


You had 8 spell levels left.
You knew the following spells:

 Your Spells              Type           Power      Damage    Failure   Level
a - Magic Dart            Conj           100%       1d8       1%          1
b - Searing Ray           Conj           94%        2d7       1%          2
c - Fulminant Prism       Conj/Hex       19%        3d11      14%         4

Your spell library contained the following spells:

 Spells                   Type           Power      Damage    Failure   Level
 Dazzling Flash           Conj/Hex       78%        N/A       4%          3
 Apportation              Tloc           12%        N/A       12%         1
 Necrotise                Necr           24%        1d5       12%         1
 Summon Small Mammal      Summ           24%        N/A       12%         1
 Portal Projectile        Hex/Tloc       36%        N/A       16%         3
 Iskenderun's Mystic Bla  Conj/Tloc      26%        2d7       30%         4
 Call Canine Familiar     Summ           6%         N/A       34%         3
 Gell's Gravitas          Tloc           6%         N/A       34%         3
 Teleport Other           Tloc           6%         N/A       34%         3
 Leda's Liquefaction      Hex/Erth       9%         N/A       47%         4
 Dispersal                Tloc           3%         N/A       100%        6


Dungeon Overview and Level Annotations

Branches:
Dungeon (5/15)
 Temple: D:4-7

Altars:
Kikubaaqudgha
Okawaru
Sif Muna
Ignis


Innate Abilities, Weirdness & Mutations

You are too large for most types of armour.
You have tough skin. (AC +1)


Message History

Aiming: Fulminant Prism (dangerous; 14% risk of failure)
Press: ? - help, Dir - move target You feel a surge of power!
You conjure a prism of explosive energy!
A fulminant prism comes into view.
Your fulminant prism crackles loudly.
Your fulminant prism explodes!
The blast of energy engulfs the two-headed ogre.
The two-headed ogre is heavily wounded.
Throw: 3 large rocks
Press: ? - help, Q - select action, (/) - cycle Shift-Dir - straight line, f - two-headed ogre
Aim: a two-headed ogre, wielding two +0 giant spiked clubs (heavily wounded, 73% to hit)
You throw a large rock.
The large rock closely misses the two-headed ogre.
The two-headed ogre hits you with a +0 giant spiked club!!!
The two-headed ogre hits you with a +0 giant spiked club!
Throw: 2 large rocks
Press: ? - help, Q - select action, (/) - cycle Shift-Dir - straight line, f/p - two-headed ogre
Aim: a two-headed ogre, wielding two +0 giant spiked clubs (heavily wounded, 73% to hit)
You throw a large rock.
The large rock hits the two-headed ogre!!
The two-headed ogre is almost dead.
The two-headed ogre closely misses you.
The two-headed ogre hits you with a +0 giant spiked club! x2
* * * LOW HITPOINT WARNING * * *
The two-headed ogre hits you with a +0 giant spiked club!!
* * * LOW HITPOINT WARNING * * *
Throw: large rock
Press: ? - help, Q - select action, (/) - cycle Shift-Dir - straight line, f/p - two-headed ogre
Aim: a two-headed ogre, wielding two +0 giant spiked clubs (almost dead, 73% to hit)
You throw a large rock.
The large rock hits the two-headed ogre.
The two-headed ogre is almost dead.
The two-headed ogre barely misses you. x2
Aiming: Mindburst
Press: ? - help, Shift-Dir - straight line, f/p - two-headed ogre
Aim: a two-headed ogre, wielding two +0 giant spiked clubs (almost dead, chance to affect: 47%)
The two-headed ogre resists with some effort.
The two-headed ogre hits you with a +0 giant spiked club!
You die...

........# #.#.##..#........
........# #.#.##..#........
........# #.#.....#........
...[....###.......#........
...........................
...†.....##.......#########
...†<....##..............
.†..†....##....O...######
.........##.....@..#
...........#.......#
######.....#........#
.....#####....# .....#
#....# ....## ##..## #..#
..#


You could see a two-headed ogre.

Vanquished Creatures
  Grinder (D:3)
  Edmund (D:5)
  A black bear (D:4)
  2 ice beasts (D:5)
  An ogre (D:4)
  2 phantoms
  2 necrophages
  2 scorpions
  3 hounds
  An orc priest (D:3)
  4 iguanas
  4 gnolls (D:3)
  3 adders
  2 white imps (D:5)
  An ufetubus (D:5)
  A dart slug (D:4)
  10 orcs
  3 ball pythons
  7 bats
  4 endoplasms
  A giant cockroach (D:1)
  6 goblins
  7 hobgoblins
  3 jackals
  6 kobolds
  2 quokkas
  5 frilled lizards
  4 rats
89 creatures vanquished.

Vanquished Creatures (others)
  10 fulminant prisms (D:5)
10 creatures vanquished.

Grand Total: 99 creatures vanquished

Notes
Turn   | Place    | Note
-------+----------+-------------------------------------------
     0 | D:1      | wingedge the Ogre Conjurer began the quest for the Orb.
     0 | D:1      | Reached XP level 1. HP: 16/16 MP: 3/3
   244 | D:1      | Reached XP level 2. HP: 22/24 MP: 0/5
   319 | D:1      | Reached skill level 1 in Fighting
   723 | D:1      | Found a faded altar of an unknown god.
   753 | D:1      | Prayed at the altar of an unknown god.
   753 | D:1      | Became a worshipper of Ignis, the Dying Flame
   972 | D:1      | Learned a level 2 spell: Searing Ray
  1590 | D:2      | Reached XP level 3. HP: 33/33 MP: 4/6
  2546 | D:3      | Found an ancient bone altar of Kikubaaqudgha.
  2965 | D:3      | Found an iron altar of Okawaru.
  3130 | D:3      | Reached skill level 2 in Fighting
  3133 | D:3      | Reached skill level 1 in Throwing
  3133 | D:3      | Reached XP level 4. HP: 42/42 MP: 2/8
  3366 | D:3      | Reached XP level 5. HP: 34/49 MP: 1/9
  3591 | D:3      | Noticed Grinder
  3592 | D:3      | Paralysed by Grinder for 2 turns
  3601 | D:3      | Killed Grinder
  3602 | D:3      | Reached skill level 5 in Conjurations
  3602 | D:3      | Reached skill level 3 in Fighting
  3602 | D:3      | Reached skill level 4 in Fighting
  3602 | D:3      | Reached XP level 6. HP: 36/65 MP: 1/10
  3870 | D:4      | Found a shimmering blue altar of Sif Muna.
  3993 | D:4      | Reached skill level 5 in Fighting
  4033 | D:4      | Reached skill level 1 in Hexes
  4165 | D:4      | Reached XP level 7. HP: 59/72 MP: 3/11
  5188 | D:4      | Learned a level 4 spell: Fulminant Prism
  5206 | D:5      | Entered Level 5 of the Dungeon
  5213 | D:5      | Reached skill level 6 in Fighting
  5213 | D:5      | Noticed Edmund
  5222 | D:5      | Reached XP level 8. HP: 5/83 MP: 4/12
  5224 | D:5      | Killed Edmund
  5500 | D:4      | Reached skill level 7 in Fighting
  5991 | D:5      | Noticed a two-headed ogre
  6131 | D:5      | HP: 4/87 [two-headed ogre/+0 giant spiked club (22)]
  6133 | D:5      | Mangled by a two-headed ogre

Illustrated notes

Levels and vault maps discovered:
D:1:      giann_forest_graveyard, layout_loops_corners,
          chequers_ecumenical_altar_island, amcnicky_mini_rare_corridor_liquid,
          chequers_serial_rivers_micro_b, minmay_misc_feat_pillars,
          minmay_surrounded
D:2:      layout_basic, nrook_mini_backslash
D:3:      layout_basic, mainiacjoe_overflow_chevrons, okawaru_trees_1,
          uniq_grinder
D:4:      layout_loops_corners, lemuel_blue_sif_altar
D:5:      cheibrodos_barr_body, layout_basic, uniq_edmund

Skill      XL: |  1  2  3  4  5  6  7  8 |
---------------+-------------------------+-----
Conjurations   | 4 5 6 |  6.5
Fighting       | 1 2 4 5 6 7 |  7.0
Dodging        | 2 3 |  3.0
Throwing       | 1 2 |  2.0
Stealth        | 2 |  2.0
Spellcasting   | 3 4 |  4.0
Hexes          | 1 3 |  3.9

Action                   |  1- 3 |  4- 6 |  7- 9 || total
-------------------------+-------+-------+-------++-------
Melee: Unarmed           |     4 |       |       ||     4
       Dagger            |     4 |       |       ||     4
       Whip              |    10 |       |     1 ||    11
Throw: Large rock        |       |     2 |     6 ||     8
 Cast: Magic Dart        |    58 |     1 |       ||    59
       Searing Ray       |    10 |    16 |    19 ||    45
       Fulminant Prism   |       |       |    10 ||    10
Evoke: Wand              |       |       |     7 ||     7
Armor: Robe              |     7 |       |    18 ||    25
Dodge: Dodged            |    14 |       |    24 ||    38
